Cogmind - Beta 16 --- EXPLORER MODE // 2025.11.13 @ 12:15:52 Player: K.K.Y. Result: Destroyed by Piercing Trap Performance ------------- Evolutions (0) 0 Regions Visited (2) 400 Robots Destroyed (25) 125 Value Destroyed (591) 591 Prototype IDs (0) 0 Alien Tech Used (0) 0 Bonus (0) 0 TOTAL SCORE: 1116 Bonus ------- None Cogmind --------- Core Integrity 0/250 Matter 281/300 Energy 100/100 System Corruption 3% Temperature Cool (0) Movement Core (50) Location -10/Subcaves Parts ------- > --- POWER (1) -------- (None) > --- PROPULSION (2) --- (None) > --- UTILITY (3) ------ (None) > --- WEAPON (2) ------- (None) > --- INVENTORY (5) ---- Ion Engine Weight Redist. System Transport Network Coupler Makeshift Hacking Suite Mining Laser Peak State ------------ > --- POWER ------------ Light Ion Engine > --- PROPULSION ------- Flight Unit Flight Unit > --- UTILITY ---------- Small Storage Unit Weight Redist. System Terrain Scanner > --- WEAPON ----------- EM Pulse Gun Battle Cannon > --- INVENTORY -------- Ion Engine Sensor Array Transport Network Coupler Makeshift Hacking Suite Mining Laser [Rating: 10] Favorites ----------- Power Light Ion Engine Engine Light Ion Engine Propulsion Flight Unit Leg Aluminum Leg Hover Unit Hover Unit Flight Unit Flight Unit Utility Small Storage Unit Device Terrain Scanner Storage Small Storage Unit Weapon EM Pulse Gun Energy Gun EM Pulse Gun Ballistic Cannon Battle Cannon Special Weapon Mining Laser Build | -11 -10 -10 ------- Run | Yrd Mat Sub Slots Evolved 1 | . 1 . Power . | . . . Propulsion . | . . . Utility 1 | . 1 . Weapon . | . . . Parts Attached 19 | 7 8 4 Power 2 | 1 1 . Engine 2 | 1 1 . Core . | . . . Reactor . | . . . Propulsion 6 | 2 4 . Treads . | . . . Leg 2 | 2 . . Wheel . | . . . Hover 2 | . 2 . Flight 2 | . 2 . Utility 5 | 2 3 . Device 3 | 1 2 . Storage 2 | 1 1 . Processor . | . . . Hackware . | . . . Protection . | . . . Artifact . | . . . Weapon 6 | 2 . 4 Energy Gun 3 | 2 . 1 Energy Cannon . | . . . Ballistic Gun . | . . . Ballistic Cannon 2 | . . 2 Launcher . | . . . Special Weapon 1 | . . 1 Impact Weapon . | . . . Slashing Weapon . | . . . Piercing Weapon . | . . . Special Melee Weapon . | . . . Unidentified Prototypes . | . . . Parts Lost 11 | . 3 8 Power 1 | . . 1 Propulsion 4 | . 2 2 Utility 2 | . . 2 Weapon 4 | . 1 3 Highest Loss Streak 4 | . 3 4 To Critical Strikes 1 | . . 1 Average Backups 6 | 1 4 6 Power . | . . 1 Propulsion 1 | . 2 1 Utility 2 | . 1 2 Weapon 1 | . . 1 Tool/Special . | . . . Unused Backups 6 | 1 2 3 Power 1 | . 1 . Propulsion 1 | . 1 . Utility 4 | 1 . 3 Weapon . | . . . Tool/Special . | . . . Average Slot Usage (%) 72 | . 69 74 Engine 8 | . 7 8 Hover 4 | . 12 . Flight 13 | . 2 20 Device 19 | . 16 21 Storage 11 | . 12 11 Energy Gun 9 | . 14 6 Peak Build Rating 10 | 7 8 10 Average Rating 6 | 4 5 7 On Entrance 4 | . 7 7 Avg Prop Armor Cover (%) . | . . . Naked Turns 4 | . . 4 Heaviest Build 20 | 20 20 14 Greatest Support 20 | 20 20 14 Greatest Overweight (x) 4 | 1 4 2 Average Overweight (x) . | . . . Largest Inventory Capacity 10 | 10 10 8 Average Capacity 8 | 7 8 7 Most Carried 8 | 5 8 8 Average Carried 6 | 1 5 6 Final Capacity 10 | 10 8 5 Final Carried 7 | . 7 5 Class Distribution -------------------- 57% | Hacker-Mutant 42% | Scavenger-Mutant Dominant Class ---------------- Hacker-Mutant | -10/Materials Scavenger-Mutant | -10/Subcaves Resources | -11 -10 -10 ----------- Run | Yrd Mat Sub Matter Collected 585 | 210 161 214 Remotely . | . . . Salvage Created 823 | . 653 170 Parts 44 | . 34 10 Haulers Intercepted 2 | . 2 . Recyclers Shooed . | . . . Parts Field Recycled . | . . . Retrieved Matter . | . . . Parts Self-Destructed . | . . . Prevented . | . . . Parts Restored . | . . . Kills | -11 -10 -10 ------- Run | Yrd Mat Sub Combat Hostiles Destroyed 16 | . 9 7 Guns 12 | . 7 5 Cannons 2 | . . 2 AOE 1 | . 1 . Classes Destroyed 9 | . 8 1 Worker 1 | . 1 . Builder 1 | . 1 . Hauler 2 | . 2 . Recycler 1 | . 1 . Mechanic 1 | . 1 . Watcher 3 | . 3 . Swarmer 4 | . 2 2 Grunt 7 | . 7 . Subdweller 5 | . . 5 Best Kill Streak 6 | . 6 2 Combat Bots Only 4 | . 4 2 Max Kills in Single Turn 3 | . 3 1 Gunslinging . | . . . Exploded 1 | . 1 . Melee . | . . . Uniques/NPCs Destroyed . | . . . Combat | -11 -10 -10 -------- Run | Yrd Mat Sub Hostile Shots Fired 74 | . 33 41 Missed 29 | . 12 17 Hits 45 | . 21 24 Projectile 45 | . 21 24 Critical Strikes 1 | . . 1 Damage Taken 779 | . 203 576 Core 259 | . 32 227 Absorbed by Shields . | . . . Ignored by Resistances 406 | . 115 291 Core Remaining (%) 100 | 100 . . Volleys Fired 64 | . 28 36 Largest 2 | . 2 2 Hottest 140 | . 80 140 Shots Fired 95 | . 47 48 Gun 71 | . 47 24 Cannon 21 | . . 21 Launcher . | . . . Special 3 | . . 3 Kinetic 21 | . . 21 Thermal 3 | . . 3 Explosive . | . . . Electromagnetic 71 | . 47 24 Robot Hit Streak 28 | . 17 28 Robot Miss Streak 1 | . 1 1 Penetration Max . | . . . Secondary Targets . | . . . Shots Hit Robots 76 | . 38 38 Core Hits 36 | . 24 12 Critical Kills . | . . . Critical Parts Destroyed . | . . . Critical Strikes 2 | . 1 1 Blast 1 | . . 1 Corrupt 1 | . 1 . Melee Attacks . | . . . Impact . | . . . Slashing . | . . . Piercing . | . . . Sneak Attacks . | . . . Combat Hostiles . | . . . Follow-up Attacks . | . . . Damage Inflicted 1323 | . 690 633 Guns 752 | . 539 213 Cannons 420 | . . 420 Explosions 114 | . 114 . Melee . | . . . Ramming 37 | . 37 . Kinetic 420 | . . 420 Thermal 114 | . 114 . Explosive . | . . . Electromagnetic 752 | . 539 213 Impact . | . . . Slashing . | . . . Piercing . | . . . Highest Corruption 3 | . 3 3 Average Corruption 2 | . 1 3 Corruption Purged . | . . . Corruption Blocked . | . . . Effects 36 | . 10 26 Message Errors 11 | . 4 7 Matter Fused 3 | . 2 1 Heat Flow Errors 3 | . . 3 Energy Discharges 4 | . 2 2 Parts Rejected 1 | . . 1 Parts Fused 1 | . . 1 Data Loss (minor) 7 | . 1 6 Data Loss (major) 3 | . . 3 Misfires 2 | . 1 1 Alerts 1 | . . 1 Overload Shots . | . . . Overflow Damage 15 | . 15 . Projectiles . | . . . Explosions 15 | . 15 . Melee . | . . . Knockbacks 8 | . . 8 Impact . | . . . Kinetic 8 | . . 8 Secondary . | . . . Self-Inflicted Damage 17 | . 17 . Shots . | . . . Rammed 7 | . 7 . Targets Rammed 7 | . 7 . Kicked . | . . . Crushed . | . . . Highest Temperature 196 | . 144 196 Average Temperature 55 | . 48 97 Received Heat Transfer 168 | . 126 42 Siege Activations . | . . . Martial Activations . | . . . Shielding Activations . | . . . Robots Disrupted . | . . . Combat Hostiles . | . . . Robots Corrupted 1 | . 1 . Combat Hostiles 1 | . 1 . Parts Fried 3 | . 2 1 Impact Corruptions . | . . . Robots Melted . | . . . Combat Hostiles . | . . . Parts Melted . | . . . Heat Transferred 150 | . 150 . Parts Sabotaged . | . . . Parts Stolen . | . . . Parts Stripped . | . . . Power Chain Reactions 1 | . 1 . Alert | -11 -10 -10 ------- Run | Yrd Mat Sub Maximum Alert Level . | . . . Low Security (%) 100 | 100 100 . Level 1 . | . . . Level 2 . | . . . Level 3 . | . . . Level 4 . | . . . Level 5 . | . . . High Security . | . . . Max Security . | . . . Peak Influence 98 | . 98 . Initial . | . . . Average 9 | . 10 . Influence Increases 322 | . 272 50 Destroy 0b10 Robot/C 220 | . 180 40 Destroy 0b10 Robot/NC 45 | . 45 . Destroy Leader 50 | . 40 10 Disable Machine 4 | . 4 . Destroy Structure 3 | . 3 . Influence Decreases 322 | . 272 50 Time Decay 292 | . 242 50 Lost Part 30 | . 30 . Squads Dispatched . | . . . Investigation . | . . . Extermination . | . . . Reinforcement . | . . . Assault . | . . . Garrison . | . . . Intercept . | . . . Searches Triggered . | . . . Construction Impeded . | . . . Haulers Reinforced . | . . . Active Scanning Responses . | . . . Cargo Convoy Interrupts . | . . . Stealth | -11 -10 -10 --------- Run | Yrd Mat Sub Distress Signals 1 | . 1 . Communications Jammed . | . . . Distress Signals . | . . . Times Spotted 20 | . 13 7 Peak Tracking Total 3 | . 3 2 Tactical Retreats . | . . . Traps | -11 -10 -10 ------- Run | Yrd Mat Sub Traps Triggered 11 | . 5 6 Indirectly . | . . . Trap Hack Attempts . | . . . Triggered . | . . . Disarmed . | . . . Reprogrammed . | . . . Reused . | . . . Traps Extracted . | . . . Installed . | . . . Triggered . | . . . Machines | -11 -10 -10 ---------- Run | Yrd Mat Sub Machines Disabled 1 | . 1 . Max in Single Turn 1 | . 1 . Machines Repaired . | . . . Machines Dismantled . | . . . Machines Sabotaged . | . . . Overloaded Fab Kills . | . . . Hacking | -11 -10 -10 --------- Run | Yrd Mat Sub Machines Accessed 3 | . 3 . Terminals 2 | . 2 . Fabricators . | . . . Repair Stations . | . . . Recycling Units 1 | . 1 . Scanalyzers . | . . . Garrison Access . | . . . Total Hacks 6 | . 6 . Successful 5 | . 5 . Failed 1 | . 1 . Catastrophic . | . . . Database Lockouts . | . . . Manual . | . . . Terminals 4 | . 4 . Fabricators . | . . . Repair Stations . | . . . Recycling Units 2 | . 2 . Scanalyzers . | . . . Garrison Access . | . . . Terminal Hacks 3 | . 3 . Emergency Access Points 1 | . 1 . Hauler Manifests 1 | . 1 . Zone Layout 1 | . 1 . Fabricator Hacks . | . . . Repair Station Hacks . | . . . Recycling Unit Hacks 2 | . 2 . Report Inventory 1 | . 1 . Retrieve Components 1 | . 1 . Scanalyzer . | . . . Garrison Access Hacks . | . . . Unauthorized Hacks . | . . . Terminals . | . . . Fabricators . | . . . Repair Stations . | . . . Recycling Units . | . . . Scanalyzers . | . . . Garrison Access . | . . . Data Cores Recovered . | . . . Used . | . . . Hacking Detections 2 | . 2 . Full Trace Events 1 | . 1 . Feedback Events . | . . . Feedback Blocked . | . . . Robot Schematics Acquired . | . . . Robots Built . | . . . Authchips . | . . . Time . | . . . Total Robot Build Rating . | . . . Part Schematics Acquired . | . . . Parts Built . | . . . Authchips . | . . . Time . | . . . Total Part Build Rating . | . . . Part Studies Acquired . | . . . Parts Repaired . | . . . Time . | . . . Parts Recycled . | . . . Recycled Matter . | . . . Retrieved Matter . | . . . Retrieved Components 9 | . 9 . Parts Scanalyzed . | . . . Part Schematics Acquired . | . . . Parts Damaged . | . . . Bothacking | -11 -10 -10 ------------ Run | Yrd Mat Sub Used RIF Installer . | . . . Robots Hacked . | . . . Non-combat . | . . . Combat . | . . . Robot Hacks Applied . | . . . Relay Couplers Released . | . . . Fabnet Peak Effective % . | . . . Robots Rewired . | . . . Allies Hacked . | . . . Hacks Repelled . | . . . Allies | -11 -10 -10 -------- Run | Yrd Mat Sub Total Allies . | . . . Largest Group . | . . . Highest-Rated Group . | . . . Highest-Rated Ally . | . . . Total Orders . | . . . Ally Attacks . | . . . Total Damage . | . . . Kills . | . . . Allies Corrupted . | . . . Allies Melted . | . . . Intel | -11 -10 -10 ------- Run | Yrd Mat Sub Active Infowar (turns) 2714 | 31 828 1855 Sensors 659 | . 241 418 Terrain 2055 | 31 587 1437 Robot Analysis Total . | . . . Derelict Logs Recovered 3 | . . 3 Drone Launches . | . . . Drone Recoveries . | . . . Exploration | -11 -10 -10 ------------- Run | Yrd Mat Sub Turns Passed 3074 | 50 1165 1859 Spaces Moved 2238 | 41 1069 1128 Core 272 | 19 241 12 Treads . | . . . Legs 78 | 22 56 . Wheels . | . . . Hover 553 | . 553 . Flight 1335 | . 219 1116 Fastest Speed 37 | 50 37 37 Average Speed 77 | 90 78 75 Slowest Speed 250 | 120 250 200 Overloaded Moves . | . . . Propulsion Burnouts . | . . . Robots Hopped 3 | . 2 1 Potential Cave-ins . | . . . Cave-ins Triggered . | . . . Exploration Rate (%) 55 | 3 99 65 Regions Visited 2 Branch Regions 1 Pre-discovered Areas 3 | . . 3 Known Exits Taken 2 | 1 1 . Unknown Exits Taken . | . . . Scrap Searched 8 | . . 8 Spaces Dug . | . . . Terrain Destroyed 4 | . 3 1 Melee . | . . . Projectile 1 | . . 1 AOE 3 | . 3 . Terrain Rammed . | . . . Walls Destroyed . | . . . Machines Disabled . | . . . Actions | -11 -10 -10 --------- Run | Yrd Mat Sub Total 3490 | 53 1350 2087 Wait 1102 | . 204 898 Move 2230 | 40 1064 1126 Hop 3 | . 2 1 Pick Up 28 | 5 18 5 Fast Attach 5 | 3 . 2 Attach 27 | 4 14 9 Detach 14 | . 8 6 Swap . | . . . Drop 10 | 1 5 4 Fire 64 | . 28 36 Melee . | . . . Ram 7 | . 7 . Kick . | . . . Crush . | . . . Escape Stasis . | . . . Rewire . | . . . Trap . | . . . Miscellaneous . | . . . Route ------- -11/Scrapyard -10/Materials (discovered 5 exits: *Mat x3 / *Min / *Sub) -10/Subcaves (discovered 2 exits: *Mat x2) History --------- Turn | Location | Event 4 | -11/Scrapyard | Identified exit to Materials 4 | -11/Scrapyard | Discovered exit to Materials (range 16) 51 | -11/Scrapyard | Entered Materials 51 | -10/Materials | Evolved 1 slot: Utility x1 146 | -10/Materials | Identified exit to Materials 146 | -10/Materials | Discovered exit to Materials (range 16) 300 | -10/Materials | Build established: Hacker-Mutant 460 | -10/Materials | Discovered exit to Materials (range 13) 897 | -10/Materials | Lost 3 parts (2n1w) 1163 | -10/Materials | Identified exit to Subcaves 1163 | -10/Materials | Discovered exit to Subcaves (range 10) 1173 | -10/Materials | Discovered exit to Materials (range 6) 1183 | -10/Materials | Identified exit to Mines 1183 | -10/Materials | Discovered exit to Mines (range 15) 1216 | -10/Materials | Entered Subcaves 1217 | -10/Subcaves | Approached by a straggling Scientist 1217 | -10/Subcaves | Learned location of Zion (-7) 1303 | -10/Subcaves | Met a Zionite searching for "candidates" 1402 | -10/Subcaves | A swath of the cavern ceiling suddenly collapsed 1454 | -10/Subcaves | Build established: Scavenger-Mutant 2353 | -10/Subcaves | Learned location of 2 exits from Materials 2406 | -10/Subcaves | Identified exit to Materials 2406 | -10/Subcaves | Discovered exit to Materials (range 15) 2455 | -10/Subcaves | Shifting Twisted Machinery released Sub. Shrapnel Launcher 2475 | -10/Subcaves | Discovered exit to Materials (range 9) 2476 | -10/Subcaves | Shifting Twisted Machinery released Scrap Shield 2579 | -10/Subcaves | Shifting Twisted Machinery released Riot Gun 2655 | -10/Subcaves | Lost 3 parts (1p2w) 2749 | -10/Subcaves | Build established: Hacker-Mutant 3041 | -10/Subcaves | Core integrity fell below 50% 3068 | -10/Subcaves | Core integrity fell below 20% 3075 | -10/Subcaves | Destroyed by Piercing Trap Last Messages --------------- 03045_ Triggered Shrapnel Trap. 03045_ An expanding cloud of shrapnel blasts out in all directions. 03053_ Triggered Shrapnel Trap. 03053_ An expanding cloud of shrapnel blasts out in all directions. 03053_ Riot Gun destroyed. 03067_ System corrupted: IFF burst signal emitted. 03067_ Triggered Shrapnel Trap. 03067_ An expanding cloud of shrapnel blasts out in all directions. 03067_ Flight Unit destroyed. 03067_ Sml. Storage Unit destroyed. 03071_ Triggered Shrapnel Trap. 03071_ An expanding cloud of shrapnel blasts out in all directions. 03071_ Terrain Scanner destroyed. 03075_ Triggered Piercing Trap. 03075_ Spikes shoot up from the floor. Map ----- +----------------------------------------------------+ | ???????????# ### ## ##??# ##??????????????? | | ??????????## #?##### ##??####????#??????????? | | ???????????# ###??### #????#?#?#????????????? | | ???????????# ##???# ##????????????????????? | | ???????????## #?#?# #??##????????????????? | | ???#????????#### ##### ##?#? ????????????????? | | ??????????????# # ###?#??????????????????? | | ??????????????# ##?????????? ???????????? | | ??????????#???## ##??????????????????????? | | ??????????#???# # ##?#?#?????????????????? | | ??????????????##### #???#?????????????????? | | ??????????????????# #????#???#????????????? | | ??????????????##??# ### ###?##??#?????????????? | | ????????????????#?# % ### ###????#??????????????? | | ????????????????#?# ### ;####????????????????? | | ??????????????#??### # ;;;###??????? ??????? | | ???????????#???????#; %# ""#### ???????? | | ???????????????????## ;; "" ???????? | | ?????????????????### """"""""?????????? | | ????????????????##; % ;"" ???????? | | ??????????#?????#; !! """ ????????? | | ??????????????#?## & "" ????????? | | ????????????????# ; "# ?????????? | | ???????????#????#; ;"### """"?????????? | | ????????????#####;;;; ####???""" #??????????? | | ????????????# # # @ #?????? ???????????? | | ????????????# ##???????##????????????? | | ????????????## ##??#??????????????????? | | ?????????????# ## #??????????????????????? | | ?????????????# ###### ##?????????????????????? | | ????????????## ##????## #?#????????????????????? | | ???????????## ###????####?#??????#?????????????? | | ???????????# #?????#?????????????????????????? | | ???????????# #???????????????????????????????? | | ????????#??## ##?????????#?????????????????????? | | ????????????# #????????????????????????????????? | | ????????????# #????????????????????????????????? | | ????????????# ##?????##????????????????????????? | | ??????#?????## #???? ##???????????????????????? | | ????????????## #???# #???????????????????????? | | ????????????# #### #????????????????????????? | | ????????????## ## #?????????????????????????? | | ????????#????## #??????????????????????????? | | ??????????????# ##?????????????????????????? | | ???????#??????## ##????????????????????????? | | #????????????### #????????????????????????? | | ????????????## #????????????????????????? | | ???#???????## #????????????????????????? | | ????#??????# #????????????????????????? | | ??????????## #????????????????????????? | +----------------------------------------------------+ Best States ------------- Heat Dissipation 25 Energy Generation 10 Energy Capacity 250 Matter Stores 300 Matter Capacity 300 Sight Range 16 Robot Scan Range 14 Terrain Scan Range 14 Terrain Scan Density 10 Additional Mass Support 6 Resistance: KI 35 Resistance: TH 35 Resistance: EX 35 Resistance: EM 35 Resistance: I 35 Resistance: S 35 Resistance: P 35 Evasion (%) 62 Offensive Hacking 20 Item Schematics ----------------- None Robot Schematics ------------------ None Fabricated ------------ Nothing Repaired ---------- Nothing Studied --------- None Alien Tech Used ----------------- None Achievements -------------- None Challenges ------------ None Game ------ Seed LaserMakeshiftReconstructor Manual? 0 Play Time 00:18:41 Cumulative 85.4 hours Start 2025.11.13 @ 11:58:25 End 2025.11.13 @ 12:15:52 Sessions 1 Manual Loads 0 Difficulty Explorer Special Mode None Game No. 84 Rogue 0 Adventurer 0 Explorer 84 Win Type - Total 0 Types 0/0/0/0/0/0/0/0/0/0 Lore% 54 Gallery% 55 Achievement% 43 Wizard Run 0 Options --------- Layout 1 ASCII 0 Keyboard 0 Movement Mouse Keybinds 0 Fullscreen 1 Font 24/Smallcaps Map View 50x35 Zoom Use 0% Tactical HUD 1 Map Filters NONE Filters NONE Steam 1 RUN: 8509fcc9-17b3-4841-a5db-88a4736cde3b